 Dungeon Crawl Stone Soup version 0.24.0-123-gd5b16e6ec5 (webtiles) character file.

Game seed: 12747892367763147503, levelgen mode: deterministic

116 Ereth the Chopper (level 5, -3/47 HPs)
             Began as a Hill Orc Abyssal Knight on Dec 17, 2019.
             Was a Believer of Lugonu.
             Slain by a scorpion (7 damage)
             ... on level 4 of the Dungeon.
             The game lasted 00:04:33 (3111 turns).

Ereth the Chopper (Hill Orc Abyssal Knight)         Turns: 3111, Time: 00:04:33

Health: -3/47      AC:  5    Str: 16    XL:     5   Next: 0%
Magic:  6/6        EV: 10    Int: 12    God:    Lugonu [**....]
Gold:   233        SH:  0    Dex: 10    Spells: 4/4 levels left

rFire    . . .     SeeInvis .   a - +1 hand axe
rCold    . . .     Gourm    .   (no shield)
rNeg     . . .     Faith    .   h - +0 ring mail
rPois    .         Spirit   .   (no helmet)
rElec    .         Reflect  .   (no cloak)
rCorr    .         Harm     .   (no gloves)
MR       .....                  (no boots)
Stlth    ..........             (no amulet)
HPRegen  0.15/turn              (no ring)
MPRegen  0.10/turn              (no ring)

@: lethally poisoned (-3 -> -18)
A: no striking features
a: Depart the Abyss, Bend Space, Renounce Religion


You were on level 4 of the Dungeon.
You worshipped Lugonu.
Lugonu was pleased with you.
You were not hungry.

You visited 1 branch of the dungeon, and saw 4 of its levels.
You visited the Abyss 1 time.

You collected 233 gold pieces.

Inventory:

Hand Weapons
 a - a +1 hand axe (weapon)
Armour
 b - a +0 leather armour
 h - a +0 ring mail (worn)
Wands
 s - a wand of acid (5)
Scrolls
 e - 5 scrolls of remove curse {unknown}
 i - 2 scrolls of fog {unknown}
 l - 6 scrolls of identify {unknown}
 m - a scroll of amnesia {unknown}
 n - 2 scrolls of immolation {unknown}
 p - a scroll of enchant armour {unknown}
Potions
 d - a potion of flight {unknown}
 g - a potion of might {unknown}
 j - 2 potions of agility {unknown}
 k - 3 potions of curing {unknown}
 o - a potion of degeneration {unknown}
 q - a potion of haste {unknown}
 r - a potion of lignification {unknown}
Comestibles
 c - 10 rations


   Skills:
 + Level 4.3 Fighting
 + Level 4.8 Axes
 + Level 3.4 Armour
 + Level 1.1 Dodging
 + Level 2.6 Invocations


You had 4 spell levels left.
You didn't know any spells.
Your spell library was empty.

Dungeon Overview and Level Annotations

Branches:
Dungeon (4/15)
 Temple: D:4-7

Altars:

Annotations:
D:3 1 runed translucent door, Nebesus's ghost, amateur MiFi


Message History

You feel sick. The scorpion stings you!
* * * LOW HITPOINT WARNING * * *
You are more poisoned.
The scorpion poisons you!
The scorpion stings you but does no damage.
You barely miss the scorpion.
The scorpion is severely wounded.
* * * LOW HITPOINT WARNING * * *
You feel sick. The scorpion barely misses you.
* * * LOW HITPOINT WARNING * * *
You feel sick.
You hit the scorpion but do no damage.
The scorpion is severely wounded.
* * * LOW HITPOINT WARNING * * *
You feel sick.
You barely miss the scorpion.
The scorpion is severely wounded.
* * * LOW HITPOINT WARNING * * *
You feel sick. The scorpion misses you. The scorpion stings you!
You die...

##### ####
##...##...##
##...<......##
#....@s......#
#............#
#............#
##..........##
##...#....##
#####.#.##
.#... .# ##.
.#


You could see a scorpion.

Vanquished Creatures
  5 adders
  2 worms
  A dart slug (D:2)
  2 leopard geckos (D:1)
  3 orcs (D:3)
  7 giant cockroaches
  7 goblins
  7 hobgoblins
  4 jackals (D:1)
  5 kobolds
  A quokka (D:2)
  5 bats
  2 frilled lizards
  A quokka zombie (D:2)
  3 rats
55 creatures vanquished.

Notes
Turn   | Place    | Note
-------+----------+-------------------------------------------
     0 | Abyss:1  | Ereth the Hill Orc Abyssal Knight began the quest for the
                  | Orb.
     0 | Abyss:1  | Reached XP level 1. HP: 19/19 MP: 2/2
    58 | D:1      | Escaped the Abyss
   143 | D:1      | HP: 1/20 [kobold/+0 short sword (3)]
   144 | D:1      | Reached XP level 2. HP: 2/27 MP: 3/3
   617 | D:1      | Reached * piety under Lugonu
   837 | D:2      | Reached XP level 3. HP: 26/33 MP: 4/4
  1284 | D:2      | Reached XP level 4. HP: 27/40 MP: 5/5
  1875 | D:3      | Found a runed translucent door.
  1943 | D:3      | Reached ** piety under Lugonu
  2125 | D:3      | Reached skill level 1 in Dodging
  2438 | D:3      | Noticed Nebesus's ghost (amateur MiFi)
  2818 | D:3      | Reached XP level 5. HP: 47/47 MP: 6/6
  3111 | D:4      | Slain by a scorpion

Levels and vault maps discovered:
D:1:      dpeg_arrival_ternary, layout_basic, minmay_misc_feat_nine_boxes
D:2:      layout_basic
D:3:      layout_loops_corners, ebering_ghost_reflecting_pool
D:4:      layout_rooms, portal_sewer_entry_e, first_ration, serial_shops, shop

Skill      XL: |  1  2  3  4 |
---------------+-------------+-----
Fighting       | 4 |  4.3
Axes           | 3 4 |  4.8
Armour         | 3 |  3.4
Dodging        | 1 |  1.1
Invocations    | |  2.6

Action                   |  1- 3 |  4- 6 || total
-------------------------+-------+-------++-------
Melee: Hand axe          |   103 |   122 ||   225
Invok: Depart the Abyss  |     1 |       ||     1
  Eat: Chunk             |     1 |     6 ||     7
Armor: Leather armour    |    18 |       ||    18
       Ring mail         |    21 |    56 ||    77
Dodge: Dodged            |    74 |    61 ||   135
